 Dungeon Crawl Stone Soup version 0.28-a0-616-gdeb3d7f7b4 (webtiles) character file.

Game seed: 5056240165257692967

28 DungeonMaster the Covered (level 3, 16/27 HPs)
             Began as a Demonspawn Wanderer on Oct 6, 2021.
             Quit the game on level 2 of the Dungeon.
             The game lasted 00:01:45 (1690 turns).

DungeonMaster the Covered (Demonspawn Wanderer)     Turns: 1690, Time: 00:01:45

Health: 16/27      AC:  5    Str: 13    XL:     3   Next: 0%
Magic:  3/3        EV: 10    Int: 12    God:
Gold:   14         SH:  0    Dex: 13    Spells: 2/2 levels left

rFire   . . .      SeeInvis .   a - +2 quarterstaff
rCold   . . .      Faith    .   (shield currently unavailable)
rNeg    . . .      Spirit   .   c - +0 ring mail
rPois   .          Reflect  .   (helmet restricted)
rElec   .          Harm     .   (no cloak)
rCorr   .          Rampage  .   (no gloves)
Will    .....                   (no boots)
Stlth   +.........              (no amulet)
HPRegen 0.09/turn               (no ring)
MPRegen 0.08/turn               (no ring)

@: no status effects
A: antennae 1, demonic magic 1
a: no special abilities


You were on level 2 of the Dungeon.
You visited 1 branch of the dungeon, and saw 2 of its levels.

You collected 14 gold pieces.

Inventory:

Hand Weapons
 a - a +2 quarterstaff (weapon)
 s - a +1 hand axe of flaming
Missiles
 b - 17 sling bullets
 d - 2 stones (quivered)
Armour
 c - a +0 ring mail (worn)
Scrolls
 e - a scroll of amnesia {unknown}
 f - a scroll of identify {unknown}


   Skills:
 * Level 1.9 Fighting
 - Level 1.7 Axes
 - Level 1.0 Staves
 * Level 2.3 Armour
 * Level 1.6 Dodging
 - Level 1.7 Stealth
 - Level 1.0 Shields


You had 2 spell levels left.
You didn't know any spells.
Your spell library was empty.

Dungeon Overview and Level Annotations

Branches:
Dungeon (2/15)

Altars:


Innate Abilities, Weirdness & Mutations

You have a pair of small antennae on your head.
Spells you cast may paralyse adjacent enemies.


Message History

The endoplasm hits you. The endoplasm freezes you.
You are frozen.
You hit the endoplasm.
You kill the endoplasm!
No target in view!
No target in view!
No target in view!
No target in view!
No target in view!
No target in view!
No target in view!
No target in view!
No target in view!
No target in view!
No target in view!
No target in view!
No target in view!
No target in view!
An endoplasm comes into view.
The endoplasm barely misses you.
You hit the endoplasm.
The endoplasm is almost dead.
The endoplasm freezes you.
You are frozen.
You barely miss the endoplasm.
The endoplasm is almost dead.
The endoplasm hits you.
You completely miss the endoplasm.
The endoplasm is almost dead.
The endoplasm freezes you.
You are frozen.
You hit the endoplasm.
You kill the endoplasm!
You have reached level 3!
Your experience leads to an increase in your attributes!
Increase (s)trength, (i)ntelligence, or (d)exterity?
You feel clever.
Your demonic ancestry asserts itself...
A pair of antennae grows on your head!
Are you sure you want to abandon this character and quit the game? (Confirm with "yes".)

#.# #.# #.# #.#
... #.# #.# #@#
#.# ###### #.#
.....# #.# ####.#
#.# ...#.# #.#
.#.#.# #########.#
.#.#.# #.........#
<..#.####.########


There were no monsters in sight!

Vanquished Creatures
  2 dart slugs (D:1)
  A ball python (D:1)
  A bat (D:1)
  3 endoplasms
  2 giant cockroaches (D:1)
  2 goblins (D:1)
  2 hobgoblins (D:1)
  3 frilled lizards (D:1)
  4 kobolds (D:1)
  2 rats (D:1)
22 creatures vanquished.

Vanquished Creatures (others)
  A fungus (D:1)
  2 plants (D:1)
3 creatures vanquished.

Grand Total: 25 creatures vanquished

Notes
Turn   | Place    | Note
-------+----------+-------------------------------------------
     0 | D:1      | DungeonMaster the Demonspawn Wanderer began the quest for
                  | the Orb.
     0 | D:1      | DungeonMaster set off with the following items: a +2
                  | quarterstaff, a +0 short sword, a +0 ring mail, a +0 dagger
     0 | D:1      | Reached XP level 1. HP: 15/15 MP: 1/1
   358 | D:1      | Reached skill level 2 in Armour
   587 | D:1      | Gained mutation: Spells you cast may paralyse adjacent
                  | enemies. [demonic ancestry]
   587 | D:1      | Reached XP level 2. HP: 14/21 MP: 2/2
  1167 | D:1      | Found a faded altar of an unknown god.
  1690 | D:2      | Gained mutation: You have a pair of small antennae on your
                  | head. [demonic ancestry]
  1690 | D:2      | Reached XP level 3. HP: 16/27 MP: 3/3
  1690 | D:2      | Quit the game

Illustrated notes

Levels and vault maps discovered:
D:1:      dpeg_arrival_tiny_a, layout_loops_cross,
          shapermc_ecumenical_altar_mp_ritualfount, serial_aquarium,
          aquarium_bridge_straight [aquarium_subvault_bridge,
          aquarium_subvault_window, aquarium_subvault_bridge,
          aquarium_subvault_window], aquarium_window_corridor_2,
          aquarium_window_1, aquarium_window_fake, aquarium_view_2f,
          aquarium_view_2e, aquarium_balcony_double_2, aquarium_pool_five
D:2:      layout_basic, amcnicky_mini_corridor_feature

Skill      XL: |  1 |
---------------+----+-----
Armour         | 2 |  2.3
Fighting       | |  1.9
Axes           | |  1.7
Staves         | |  1.0
Dodging        | |  1.6
Stealth        | |  1.7
Shields        | |  1.0

Action                   || total
-------------------------++-------
Melee: Quarterstaff      ||    74
 Stab: Sleeping          ||     1
Armor: Ring mail         ||    36
Dodge: Dodged            ||    31

Table legend: (Time is in decaauts)
 A = Elapsed time spent in this place.
 B = Non-inter-level travel time spent in this place.
 C = Inter-level travel time spent in this place.
 D = Time resting spent in this place.
 E = Time spent auto-exploring this place.
 F = Levels seen in this place.
 G = Mean time per level.
                   A        B        C        D        E       F      G
               +--------+--------+--------+--------+--------+-----+--------+
         Total |   1708 |   1681 |     27 |    524 |    946 |   2 |  854.0 |
       Dungeon |   1708 |   1681 |     27 |    524 |    946 |   2 |  854.0 |
               +--------+--------+--------+--------+--------+-----+--------+

Top non-repeatable levels by time:
     D:1: 1595 daAuts
     D:2: 112 daAuts
